 Dungeon Crawl Stone Soup version 0.29-a0-330-g52719c12eb (webtiles) character file.

Game seed: 14275041490309356080

3455 Crownlay the Grappler (level 9, -1/84 HPs)
             Began as a Troll Brigand on May 24, 2022.
             Was an Elder of Makhleb.
             Slain by an orc warrior
             ... wielding a +0 glaive
              (19 damage)
             ... on level 7 of the Dungeon.
             The game lasted 00:14:54 (5300 turns).

Crownlay the Grappler (Troll Brigand)               Turns: 5300, Time: 00:14:54

Health: -1/84      AC:  6    Str: 25    XL:     9   Next: 78%
Magic:  11/11      EV:  9    Int:  7    God:    Makhleb [****..]
Gold:   306        SH:  0    Dex: 11    Spells: 8/8 levels left

rFire   . . .      SeeInvis .     - Unarmed
rCold   . . .      Faith    .   (no shield)
rNeg    . . .      Spirit   .   b - +0 robe
rPois   .          Reflect  .   (helmet restricted)
rElec   .          Harm     .   c - +1 cloak
rCorr   .          Rampage  .   (gloves unavailable)
Will    .....                   (boots unavailable)
Stlth   ++........              (no amulet)
HPRegen 1.04/turn               (no ring)
MPRegen 0.12/turn               (no ring)

@: no status effects
A: large, unfitting armour, claws 3, regeneration 1, shaggy fur 1, tough skin 1
a: Renounce Religion, Minor Destruction, Lesser Servant of Makhleb, Major
Destruction


You were on level 7 of the Dungeon.
You worshipped Makhleb.
Makhleb was greatly pleased with you.
You visited 1 branch of the dungeon, and saw 7 of its levels.
You also visited: Sewer.

You collected 306 gold pieces.

Inventory:

Missiles
 d - 18 poisoned darts (quivered)
 e - 2 curare-tipped darts
Armour
 b - a +0 robe (worn)
 c - a +1 cloak (worn)
Wands
 l - a wand of polymorph (8)
Scrolls
 h - a scroll of fear {unknown}
 k - a scroll of immolation {unknown}
 m - 4 scrolls of magic mapping
 n - 3 scrolls of enchant armour
 o - 3 scrolls of identify {unknown}
 q - 2 scrolls of blinking
 r - a scroll of enchant weapon {unknown}
 t - 2 scrolls of vulnerability {unknown}
 u - 2 scrolls of fog {unknown}
 w - 2 scrolls of teleportation {unknown}
 y - a scroll of holy word {unknown}
Potions
 a - 3 potions of brilliance {unknown}
 f - 3 potions of heal wounds
 g - 2 potions of degeneration {unknown}
 i - 4 potions of curing {unknown}
 j - a potion of attraction {unknown}
 p - 2 potions of magic {unknown}
 s - 3 potions of invisibility {unknown}
 v - a potion of ambrosia {unknown}
 x - a potion of haste {unknown}
 z - a potion of might {unknown}


   Skills:
 - Level 4.0 Fighting
 - Level 1.5 Short Blades
 + Level 6.5 Throwing
 + Level 0.0 Armour
 + Level 0.8 Dodging
 - Level 2.1 Stealth
 * Level 9.7 Unarmed Combat
 * Level 5.0 Invocations


You had 8 spell levels left.
You didn't know any spells.
Your spell library contained the following spells:

 Spells                   Type           Power      Damage    Failure   Level
 Ensorcelled Hibernation  Hex/Ice        0%         N/A       56%         2
 Spider Form              Tmut/Pois      0%         N/A       80%         3
 Anguish                  Hex/Necr       0%         N/A       99%         4


Dungeon Overview and Level Annotations

Branches:
Dungeon (7/15)             Temple (0/1) D:6           Sewer (visited)

Altars:
Ashenzari
Cheibriados
Dithmenos
Kikubaaqudgha
Makhleb
Okawaru
Uskayaw
Yredelemnul
The Shining One

Shops:
D:1 [


Innate Abilities, Weirdness & Mutations

You are too large for most types of armour.
You have claws for hands.
Your natural rate of healing is unusually fast.
You are covered in fur. (AC +1)
You have tough skin. (AC +1)


Message History

The orc is severely wounded.
The orc hits you with a +0 hand axe.
The orc warrior hits you but does no damage.
You scratch the orc.
You kill the orc!
Makhleb accepts your kill.
You feel better. The orc warrior barely misses you.
You claw the orc priest!
The orc priest is almost dead.
The orc priest closely misses you.
The orc warrior hits you from afar with a +0 glaive!
You scratch the orc priest.
You kill the orc priest!
Makhleb accepts your kill. The orc warrior completely misses you.
There is an open door, spattered with blood here.
Things that are here:
a +0 club; a +0 hand axe; an orc corpse You barely miss the orc warrior.
The orc warrior hits you with a +0 glaive!!
The orc priest closely misses you.
You claw the orc warrior!
You claw the orc warrior, but do no damage.
The orc warrior is heavily wounded.
The orc warrior hits you with a +0 glaive!
The orc priest begins to cast a cantrip, but forgets the words!
You closely miss the orc warrior.
The orc warrior is heavily wounded.
The orc priest hits you with a +0 hand axe.
The orc warrior closely misses you.
You closely miss the orc warrior.
The orc warrior is heavily wounded.
The orc warrior hits you with a +0 glaive!
* * * LOW HITPOINT WARNING * * *
The orc priest hits you but does no damage.
You completely miss the orc warrior.
The orc warrior is heavily wounded.
The orc priest closely misses you.
The orc warrior hits you with a +0 glaive!!
You die...

####.# #..... #.##.#
#.##.# ### #.##.# #..
###### #.##.# #.#
#...... #.##.###.##
.......
#......#..##....⌠..
###.#..#.#.@o.⌠....
#.###....##o....⌠.
#####.#(.#...#...⌠...
####>.....#.#...#.......
........###.)...##......
####.##..........#######
#(...###..#.....
#..#......##...#.
###....####># #.##


You could see an orc warrior and an orc priest.

Vanquished Creatures
  4 humans (D:6)
  Menkaure (D:5)
  Edmund (D:6)
  A water moccasin (D:6)
  4 black bears
  The ghost of DrLatency the Grasshopper, an amateur FeCK of Xom (D:6)
  2 ogres (D:5)
  A phantom (D:6)
  A kobold brigand (D:6)
  2 bullfrogs (Sewer)
  7 necrophages
  A scorpion (D:6)
  A water moccasin zombie (D:4)
  3 wights (D:6)
  A howler monkey (D:6)
  A centaur zombie (D:6)
  A human zombie (D:4)
  3 hounds
  A centaur skeleton (D:6)
  4 orc priests
  A gnoll shaman (D:6)
  2 iguanas
  2 orc wizards (D:4)
  A scorpion zombie (D:4)
  A centaur simulacrum (D:6)
  2 hound zombies (D:4)
  2 mummies
  8 gnolls
  13 adders
  9 river rats
  2 white imps
  3 ufetubi
  2 adder zombies (D:4)
  4 worms
  15 orcs
  4 bats
  7 endoplasms
  4 giant cockroaches
  7 goblins
  10 hobgoblins
  2 jackals (D:2)
  2 quokkas
  22 ball pythons
  6 frilled lizards
  9 kobolds
  26 rats
207 creatures vanquished.

Vanquished Creatures (others)
  20 plants (D:6)
20 creatures vanquished.

Grand Total: 227 creatures vanquished

Notes
Turn   | Place    | Note
-------+----------+-------------------------------------------
     0 | D:1      | Crownlay the Troll Brigand began the quest for the Orb.
     0 | D:1      | Reached XP level 1. HP: 19/19 MP: 0/0
    93 | D:1      | Reached skill level 1 in Unarmed Combat
    93 | D:1      | Reached XP level 2. HP: 28/28 MP: 1/1
   183 | D:1      | Found Fiezobb's Armour Boutique.
   797 | D:2      | Reached XP level 3. HP: 31/35 MP: 2/2
   900 | D:2      | Reached skill level 2 in Unarmed Combat
  1248 | D:2      | Reached XP level 4. HP: 42/42 MP: 3/3
  1541 | D:3      | Found a faded altar of an unknown god.
  1572 | D:3      | Found a shadowy altar of Dithmenos.
  1656 | D:3      | Found a burning altar of Makhleb.
  1680 | D:3      | Became a worshipper of Makhleb the Destroyer
  1923 | D:3      | Reached skill level 3 in Unarmed Combat
  2026 | D:3      | Found an ancient bone altar of Kikubaaqudgha.
  2124 | D:4      | Reached XP level 5. HP: 50/50 MP: 4/4
  2268 | D:4      | Reached * piety under Makhleb
  2284 | D:4      | Reached skill level 4 in Unarmed Combat
  2372 | D:4      | Reached XP level 6. HP: 59/59 MP: 5/5
  2549 | D:4      | Found a glowing drain.
  2556 | Sewer    | Entered a sewer
  2645 | Sewer    | Reached ** piety under Makhleb
  2738 | Sewer    | Reached skill level 1 in Invocations
  2841 | Sewer    | Reached XP level 7. HP: 57/67 MP: 5/7
  2842 | Sewer    | Reached *** piety under Makhleb
  3163 | D:4      | Found a glowing golden altar of the Shining One.
  3263 | D:4      | Reached skill level 5 in Unarmed Combat
  3293 | D:4      | Found a basalt altar of Yredelemnul.
  3391 | D:5      | Entered Level 5 of the Dungeon
  3605 | D:5      | Reached skill level 6 in Unarmed Combat
  3605 | D:5      | Reached XP level 8. HP: 78/78 MP: 8/8
  3731 | D:5      | Found a snail-covered altar of Cheibriados.
  3731 | D:5      | Noticed Menkaure
  3739 | D:5      | Killed Menkaure
  3860 | D:5      | Reached skill level 7 in Unarmed Combat
  4205 | D:6      | Reached skill level 5 in Throwing
  4289 | D:6      | Found a runed translucent gate.
  4289 | D:6      | Found a runed translucent gate.
  4289 | D:6      | Found a runed translucent gate.
  4294 | D:6      | Noticed DrLatency's ghost (amateur FeCK)
  4344 | D:6      | Found a staircase to the Ecumenical Temple.
  4387 | D:6      | Reached **** piety under Makhleb
  4388 | D:6      | Reached XP level 9. HP: 62/84 MP: 11/11
  4399 | D:6      | Reached skill level 8 in Unarmed Combat
  4533 | D:6      | Found a hide-covered altar of Uskayaw.
  4586 | D:6      | Noticed Edmund
  4600 | D:6      | Killed Edmund
  4740 | D:6      | Reached skill level 9 in Unarmed Combat
  4740 | D:6      | Reached skill level 5 in Invocations
  4838 | D:6      | Found a broken altar of Ashenzari.
  5187 | D:6      | Killed DrLatency's ghost
  5236 | D:7      | Found an iron altar of Okawaru.
  5300 | D:7      | Slain by an orc warrior

Illustrated notes

Levels and vault maps discovered:
D:1:      ncdulo_smallfort, layout_basic, serial_shops, shop
D:2:      layout_loops_corners
D:3:      layout_basic, amcnicky_altar_gilded, mainiacjoe_overflow_24_doors,
          lemuel_doored_altar, basic_ecumenical_altar
D:4:      layout_cave_pools, lemuel_mausoleum_altar_yredelemnul,
          lemuel_coloured_pillars_altar, gup_sewer_entry_bubbles,
          hangedman_abyss_or_decor_passed, corexii_checkpoint_a
D:5:      layout_basic, slow_altar_2, uniq_menkaure
D:6:      wad_woods_tower, layout_basic, kennysheep_mini,
          cheibrodos_ashenzari_chains, minmay_temple_entry_purple_smoke,
          gammafunk_ghost_necromancy, corexii_hall_statues_deadend,
          minmay_ruffians, uniq_edmund
D:7:      layout_loops_ring, nicolae_gozag_seed_capital,
          mainiacjoe_overflow_chevrons, general_overflow_altar,
          mainiacjoe_overflow_concentric_impassable, fedhas_altar_4,
          hangedman_abyss_or_decor_lesser_grid, grunt_decor_cap,
          kennysheep_another_room, nicolae_grassy_gnolls

Skill      XL: |  1  2  3  4  5  6  7  8  9 |
---------------+----------------------------+-----
Throwing       | 2 3 4 5 6 |  6.5
Unarmed Combat | 1 2 3 4 6 7 9 |  9.7
Fighting       | 2 3 4 |  4.0
Invocations    | 1 2 4 5 |  5.0
Short Blades   | |  1.5
Dodging        | |  0.8
Stealth        | |  2.1

Action                   |  1- 3 |  4- 6 |  7- 9 || total
-------------------------+-------+-------+-------++-------
Melee: Unarmed           |   105 |   219 |   269 ||   593
       Punch             |       |     5 |     8 ||    13
Throw: Dart              |       |    19 |    36 ||    55
       Throwing net      |       |       |     1 ||     1
  Use: Scroll            |       |       |     3 ||     3
       Potion            |       |       |     1 ||     1
 Stab: Sleeping          |     7 |     1 |     4 ||    12
Armor: Robe              |    34 |   130 |    99 ||   263
Dodge: Dodged            |    43 |   157 |   115 ||   315

Table legend: (Time is in decaauts)
 A = Elapsed time spent in this place.
 B = Non-inter-level travel time spent in this place.
 C = Inter-level travel time spent in this place.
 D = Time resting spent in this place.
 E = Time spent auto-exploring this place.
 F = Levels seen in this place.
 G = Mean time per level.
                   A        B        C        D        E       F      G
               +--------+--------+--------+--------+--------+-----+--------+
         Total |   5304 |   5046 |    258 |      0 |   3555 |   8 |  663.0 |
       Dungeon |   4945 |   4687 |    258 |      0 |   3378 |   7 |  706.4 |
         Sewer |    359 |    359 |      0 |      0 |    177 |   1 |  359.0 |
               +--------+--------+--------+--------+--------+-----+--------+

Top non-repeatable levels by time:
     D:6: 1051 daAuts
     D:4: 966 daAuts
     D:2: 807 daAuts
     D:5: 755 daAuts
     D:1: 720 daAuts
     D:3: 581 daAuts
   Sewer: 359 daAuts
     D:7: 62 daAuts
